Unix NetHack Version 5.0.0-0 post-release - last build Jun 10 2026 00:39:30 (3ee93aec679c4c4259841fe613dc97188e26a321,branch:main).

Game began 2026-06-16 22:35:29, ended 2026-06-17 00:49:48.

CyberFan, lawful female dwarven Archeologist

  ........%.............!...SS!.....S.......S..S...S...)..................M@..
  ..........................................[.........................M...SMM.
  ....                 -------------------------------...................S<...
                                                     |........................
                                                     |.........S.......S.M....
                                                     |......................(.
                                                     |.)..!................S..
                                                     |.......`..........T.....
                                                     |........................
                                                     |........................
                                                     |.............?..........
                                                     |...........`............
                                                     |........................
                                                     |%................%......
                                                     |........................
                                                     |..)......!..............
                                                     -..`..............+......
                                                     .........................
                                                   ....................?......
                                                  ............................

CyberFan the Excavator     St:17 Dx:11 Co:17 In:16 Wi:16 Ch:14  Lawful
Home 3 $:859 HP:0(122) Pw:69(69) AC:-10 Xp:14/81257 T:19444 

Latest messages:
 The human mummy misses!
 The human mummy misses!
 The human mummy hits!
 The human mummy hits again!
 The human mummy hits!
 The human mummy hits again!
 The human mummy is almost hit by a dart!
 The human mummy misses!
 The human mummy misses!
 The human mummy hits!
 The human mummy misses!
 The human mummy hits!
 The human mummy misses!
 You see the snake slither under a potion.
 The human mummy hits!
 The human mummy hits again!
 The human mummy hits!
 The human mummy hits again!
 The pit viper triggers a trap but nothing happens.
 The python falls into a pit!
 The human mummy hits!
 The human mummy hits again!
 The human mummy hits!
 The human mummy hits again!
 The human mummy misses!
 The human mummy misses!
 The human mummy misses!
 The human mummy hits!
 The snake misses!
 The human mummy hits!
 The human mummy hits again!
 The human mummy hits!
 The human mummy misses!
 The snake misses!
 You see the pit viper slither under a horn.
 The human mummy misses!
 The human mummy hits!
 The human mummy hits!
 The human mummy hits again!
 The snake bites!
 The human mummy misses!
 The human mummy hits!
 The human mummy hits!
 The human mummy hits again!
 The snake just misses!
 The human mummy hits!
 The human mummy hits again!
 The human mummy hits!
 The human mummy hits again!
 You die...

Inventory:
 Coins    ('$')
  $ - 859 gold pieces
 Amulets  ('"')
  n - an uncursed amulet of reflection named reflect (being worn)
 Weapons  (')')
  M - the blessed +2 Grayswandir (weapon in right hand)
 Armor    ('[')
  J - an uncursed +2 dwarvish iron helm (being worn)
  A - a blessed +3 pair of leather gloves (being worn)
  L - a cursed +0 pair of iron shoes (being worn)
  V - a blessed +2 dwarvish roundshield (being worn)
  H - an uncursed very burnt +0 dwarvish cloak (being worn)
  K - a cursed +0 dwarvish mithril-coat (being worn)
 Comestibles  ('%')
  G - an uncursed C-ration
  D - 4 uncursed K-rations
  f - 2 uncursed sprigs of wolfsbane
  m - an uncursed egg
 Scrolls  ('?')
  x - an uncursed scroll of confuse monster
  X - an uncursed scroll of destroy armor
  I - an uncursed scroll of fire
  z - an uncursed scroll of remove curse
 Potions  ('!')
  v - an uncursed potion of acid
  B - an uncursed potion of gain energy
 Rings    ('=')
  Y - a cursed ring of aggravate monster
  g - an uncursed ring of cold resistance
  p - a cursed ring of invisibility (on left hand)
  C - a cursed ring of polymorph
  F - a cursed ring of polymorph
  P - a cursed ring of polymorph control
  j - an uncursed ring of searching
  E - an uncursed ring of slow digestion (on right hand)
  t - an uncursed ring of warning
  e - a cursed ring of warning
 Wands    ('/')
  s - an uncursed wand of cold (0:0)
  d - an uncursed wand of digging (0:3)
  r - an uncursed wand of enlightenment (0:12)
  Z - an uncursed wand of fire (0:0)
  S - a cursed wand of locking (0:3)
  U - a cursed wand of magic missile (0:1)
  O - an uncursed wand of striking (0:5)
 Tools    ('(')
  w - an uncursed sack containing 16 items
  y - an empty cursed sack
  N - an uncursed bugle
  Q - an uncursed magic marker (0:76)
  T - an uncursed magic marker (0:4)
  R - an uncursed skeleton key
  W - an uncursed towel
  u - a blessed +0 unicorn horn
 Gems/Stones  ('*')
  l - a cursed aquamarine stone
  q - 2 uncursed worthless pieces of white glass
  o - a blessed luckstone
  i - a cursed touchstone

Contents of the sack:
  a blessed scroll of charging
  an uncursed scroll of charging
  an uncursed scroll of confuse monster
  an uncursed scroll of create monster
  2 uncursed scrolls of destroy armor
  an uncursed scroll of earth
  an uncursed scroll of enchant armor
  an uncursed scroll of fire
  an uncursed scroll of food detection
  an uncursed scroll of light
  2 uncursed scrolls of magic mapping
  an uncursed scroll of remove curse
  an uncursed scroll of taming
  an uncursed potion of booze
  a blessed potion of gain energy
  2 potions of holy water

CyberFan the Archeologist's attributes:

Background:
 You were an Excavator, a level 14 female dwarven Archeologist.
 You were lawful, on a mission for Quetzalcoatl
 who was opposed by Camaxtli (neutral) and Huhetotl (chaotic).
 You were right-handed.
 You were in the Quest, on level 3.
 You entered the dungeon 19444 turns ago.
 It was the midnight hour.
 There was a new moon in effect when your adventure ended.
 You had 81257 experience points, 78743 more were needed to attain level 15.

Basics:
 You had 0 out of 122 hit points.
 You had all 69 energy points (spell power).
 Your armor class was -10.
 Your wallet contained 859 zorkmids.
 Autopickup was on for '$%?!"=/*' plus thrown, with exceptions.

Final Characteristics:
 Your strength was 17 (limit:18/100).
 Your dexterity was 11 (limit:20).
 Your constitution was 17 (limit:20).
 Your intelligence was 16 (limit:16).
 Your wisdom was 16 (limit:16).
 Your charisma was 14 (limit:16).

Final Status:
 You weren't hungry.
 You were unencumbered.
 You were wielding a saber.
 You had expert skill with saber.

Final Attributes:
 You were piously aligned.
 Your items were somewhat protected from fire.
 Your items were somewhat protected from cold.
 You were shock resistant.
 You were poison resistant.
 You resisted hallucinations.
 You saw invisible.
 You were telepathic.
 You had automatic searching.
 You had infravision.
 You were invisible to others.
 You were stealthy.
 You had slower digestion.
 You were guarded.
 Your spell casting was impaired by metallic armor.
 You were fast.
 You had reflection.
 You were very lucky.
 You had extra luck.
 Good luck did not time out for you.
 You are dead.

Miscellaneous:
 You disabled loading and storing of bones levels.
 Total elapsed playing time was 2 hours, 14 minutes and 18 seconds.

Major events:
 Turn
    1: CyberFan the lawful female dwarven Archeologist entered the dungeon
 1502: attained the rank of Field Worker (level 3)
 1834: entered the Gnomish Mines
 2333: reached Mine Town
 5609: attained the rank of Investigator (level 6)
 5799: entered Sokoban
 7070: made her first wish - "blessed +2 Grayswandir", got "a silver saber named Grayswandir"
10598: completed 1st Sokoban level
10989: completed 2nd Sokoban level
11362: completed 3rd Sokoban level
14199: attained the rank of Exhumer (level 10)
14454: completed 4th Sokoban level
14622: acquired the Sokoban amulet of reflection
18475: entered Home 1, the Quest
19020: attained the rank of Excavator (level 14)
19100: Lord Carnarvon has granted access to proceed deeper into the quest
19182: entered Home 2, the Quest
19412: entered Home 3, the Quest
19444: killed by a human mummy, while frozen by a potion

Spells:
 Name                 Level Category     Fail Retention
 healing                1   healing      100%    1%-25%
 detect food            2   divination   100%   26%-50%
 drain life             2   attack       100%   51%-75%
 haste self             3   escape       100%   51%-75%
 cure sickness          3   healing      100%  76%-100%

Skills:
 Fighting Skills
   bare handed combat [Unskilled]
   two weapon combat  [Unskilled]
   riding             [Unskilled]
 Weapon Skills
   dagger             [Unskilled]
   knife              [Unskilled]
   pick-axe           [Skilled]
   short sword        [Unskilled]
   saber              [Expert]
   club               [Unskilled]
   quarterstaff       [Unskilled]
   sling              [Unskilled]
   dart               [Unskilled]
   boomerang          [Unskilled]
   whip               [Basic]
   unicorn horn       [Unskilled]
 Spellcasting Skills
   attack spells      [Unskilled]
   healing spells     [Unskilled]
   divination spells  [Unskilled]
   matter spells      [Unskilled]

Voluntary challenges:
 Character rerolling was not enabled.
 You never genocided any monsters.
 You never changed form.
 You used 1 wish (for an artifact).
 You did not violate any of the special Sokoban rules.
Achievements:
 You entered a shop.
 You attained the rank of Field Worker.
 You entered the Gnomish Mines.
 You entered Minetown.
 You entered a temple.
 You attained the rank of Investigator.
 You entered Sokoban.
 You attained the rank of Exhumer.
 You completed Sokoban.
 You attained the rank of Excavator.

 The Dungeons of Doom: levels 1 to 19
    Level 1:
    Level 2:
       An armor shop, an altar, a grave.
    Level 3:
       A fountain.
       Stairs down to The Gnomish Mines.
    Level 4:
       A fountain.
    Level 5:
       A general store, a fountain.
    Level 6:
       A fountain.
    Level 7:
    Level 8:
       A fountain.
    Level 9:
       Many fountains.
    Level 10:
       Some fountains.
       Stairs up to Sokoban, level 9.
    Level 11:
       An altar to Quetzalcoatl.
    Level 12:
       A temple and an altar.
    Level 13:
       A fountain.
    Level 14:
    Level 15:
       A fountain.
       Summoned by Lord Carnarvon.
       Portal to The Quest.
    Level 16:
       A primitive area.
    Level 17:
       A fountain.
    Level 18:
       Some fountains.
    Level 19:
 The Gnomish Mines: levels 4 to 11
    Level 4:
    Level 5:
    Level 6:
       Many shops, a temple and an altar, some fountains.
    Level 7:
    Level 8:
    Level 9:
    Level 10:
    Level 11:
 The Quest: levels 1 to 3
    Level 1:
       Given quest by Lord Carnarvon.
    Level 2:
    Level 3: <- You were here.
       Final resting place for
          you, killed by a human mummy, while frozen by a potion.
 Sokoban: levels 9 up to 6
    Level 6:
       Solved.
    Level 7:
       Solved.
    Level 8:
       Solved.
    Level 9:
       Solved.


Vanquished creatures:
  a clay golem
  a nurse
  2 long worms
  a zruty
  4 ogre tyrants
  a rock troll
  2 large mimics
  a wumpus
 an earth elemental
  a hill giant
  a giant zombie
  3 elf-nobles
  a water demon
  a warg
  a winter wolf
  7 small mimics
  2 xans
  2 ettin mummies
 an ogre leader
  a quantum mechanic
  5 trolls
  a gelatinous cube
  2 flaming spheres
  2 large cats
  a tengu
  5 leocrottas
  3 elf mummies
  2 human mummies
  a red naga
  a python
  5 pit vipers
  2 wraiths
  3 ettin zombies
  3 leather golems
  3 Grey-elves
  7 soldiers
 an amorous demon
  3 giant beetles
  3 quivering blobs
  2 cockatrices
  2 wolves
  2 winter wolf cubs
  2 panthers
  a gremlin
  3 leprechauns
 an orc-captain
  a mumak
  3 giant spiders
  a scorpion
  a horse
  3 black lights
  a vampire bat
  3 orc mummies
  2 dwarf mummies
  3 rust monsters
 an owlbear
  a yeti
  a gold golem
  3 lizards
  2 dingoes
  2 jaguars
  a blue jelly
  a gray unicorn
  a black unicorn
  a dust vortex
  3 ravens
  a plains centaur
  4 gnome mummies
  8 snakes
  5 apes
  2 human zombies
  a rope golem
  a soldier ant
  a fire ant
  4 bugbears
  3 imps
  a quasit
  2 wood nymphs
  4 water nymphs
  a mountain nymph
  4 Mordor orcs
  2 orc shamans
  4 rock piercers
  3 rock moles
  2 ponies
  4 fog clouds
  6 yellow lights
  3 violet fungi
  2 gnome leaders
  a gnomish wizard
  2 kobold mummies
  a black naga hatchling
  a barrow wight
  2 elf zombies
  a paper golem
 11 giant ants
  5 floating eyes
  a kitten
  4 dwarves
  a homunculus
  2 kobold leaders
  2 kobold shamans
 14 rothes
  4 rabid rats
  a centipede
  4 giant bats
  3 monkeys
  2 dwarf zombies
  a wererat
  2 werejackals
  5 iguanas
  6 killer bees
  3 acid blobs
  2 coyotes
  2 gas spores
  2 hobbits
  4 manes
  3 hobgoblins
  7 giant rats
  4 cave spiders
  2 yellow molds
  3 red molds
 21 gnomes
  5 garter snakes
  a gnome zombie
  6 geckos
  6 jackals
  3 foxes
  4 kobolds
  6 goblins
  3 sewer rats
  9 grid bugs
  6 lichens
  4 kobold zombies
 10 newts
396 creatures vanquished.

No species were genocided or became extinct.

Game over:
                       ----------
                      /          \
                     /    REST    \
                    /      IN      \
                   /     PEACE      \
                  /                  \
                  |     CyberFan     |
                  |      859 Au      |
                  |   killed by a    |
                  |   human mummy    |
                  |                  |
                  |                  |
                  |       2026       |
                 *|     *  *  *      | *
        _________)/\\_//(\/(/\)/\//\/|_)_______

Goodbye CyberFan the Archeologist...

You died in The Quest on dungeon level 3 with 51960 points,
and 859 pieces of gold, after 19444 moves.
You were level 14 with a maximum of 122 hit points when you died.

